AoeStats
← [PSCH] R!ce

Lombardia

510145573Analyzed
4v4 RM · 2d ago on Sep 29, 2026· 52m 36s· 8 players
Game mode
Random Map
Map size
Large (8 player)
Population
200
Speed
Normal
Resources
Standard
Victory
Conquest
Starting age
Dark Age
Ending age
Imperial Age
RankedLock teamsTeams togetherTeam positionsShared explorationLock speedFull tech treeHidden civsTurbo modeCheats
Victory
Defeat
🇨🇳 Lithuanians · China
1498
+13
🇺🇸 Chinese · United States
1492
+13
🇺🇸 Britons · United States
1490
+13
🇮🇹 Bulgarians · Italy
1479
+14
🇨🇭 Tatars · Switzerland
1449
-14
🇨🇭 Burmese · Switzerland
1438
-14
🇨🇭 Turks · Switzerland
1415
-13
🇨🇭 Khmer · Switzerland
1407
-12
enzoyin68
8:03 Feudal Age
8:48 Double-Bit Axe
10:37 Horse Collar
15:25 Scale Barding Armor
17:06 Forging
18:04 Wheelbarrow
21:40 Castle Age
20:17 Gold Mining
20:59 Bloodlines
22:42 Bow Saw
22:49 Heavy Plow
23:14 Chain Barding Armor
23:04 Husbandry
24:41 Loom
27:16 Iron Casting
35:34 Stone Mining
41:25 Imperial Age
40:05 Caravan
42:03 Hand Cart
42:31 Conscription
42:48 Plate Barding Armor
43:23 Chemistry
43:37 Two-Man Saw
42:55 Elite Leitis
46:49 Guilds
47:23 Light Cavalry
49:15 Crop Rotation
49:09 Winged Hussar
WIZ
9:06 Feudal Age
9:41 Loom
13:05 Scale Barding Armor
14:11 Forging
18:34 Wheelbarrow
19:28 Double-Bit Axe
22:03 Castle Age
20:40 Horse Collar
22:03 Gold Mining
22:06 Fletching
22:13 Crossbowman
23:29 Bow Saw
23:26 Bodkin Arrow
26:41 Stone Mining
27:16 Padded Archer Armor
29:06 Ballistics
29:52 Leather Archer Armor
30:45 Hand Cart
31:01 Heavy Plow
32:41 Town Watch
35:38 Imperial Age
34:35 Masonry
35:15 Light Cavalry
36:16 Chain Barding Armor
36:32 Iron Casting
37:12 Conscription
37:19 Arbalester
39:20 Two-Man Saw
38:56 Gold Shaft Mining
38:40 Husbandry
38:42 Bracer
39:31 Yeomen
40:30 Ring Archer Armor
41:42 Chemistry
40:35 Elite Longbowman
42:34 Plate Barding Armor
42:59 Blast Furnace
43:48 Warwolf
50:36 Caravan
dreams2996
0:54 Loom
11:45 Feudal Age
15:22 Castle Age
13:40 Double-Bit Axe
13:36 Horse Collar
14:24 Fletching
16:21 Bow Saw
20:01 Padded Archer Armor
22:42 Town Watch
24:56 Wheelbarrow
26:14 Bodkin Arrow
26:35 Leather Archer Armor
28:37 Ballistics
33:22 Hand Cart
35:44 Imperial Age
36:29 Bracer
37:00 Ring Archer Armor
37:31 Chemistry
38:36 Conscription
38:30 Elite Chu Ko Nu
39:33 Squires
38:54 Pikeman
39:19 Arson
39:38 Scale Mail Armor
39:49 Forging
39:58 Caravan
40:22 Thumb Ring
40:48 Chain Mail Armor
41:21 Iron Casting
42:09 Plate Mail Armor
43:05 Blast Furnace
41:54 Halberdier
43:41 Heavy Plow
44:43 Two-Man Saw
45:32 Capped Ram
46:24 Siege Ram
49:52 Coinage
Nogard
6:03 Loom
9:00 Feudal Age
9:26 Double-Bit Axe
9:21 Horse Collar
13:29 Wheelbarrow
18:21 Castle Age
19:22 Bow Saw
19:14 Heavy Plow
25:47 Hand Cart
25:31 Fletching
29:00 Bodkin Arrow
30:52 Gold Mining
30:52 Stone Mining
32:49 Gold Shaft Mining
32:04 Stone Mining
33:02 Forging
32:59 Scale Barding Armor
34:00 Iron Casting
34:38 Bloodlines
34:28 Husbandry
37:03 Imperial Age
34:19 Town Watch
35:21 Chain Barding Armor
35:02 Town Patrol
36:47 Stone Shaft Mining
36:13 Stirrups
37:00 Cavalier
38:41 Blast Furnace
38:17 Plate Barding Armor
38:05 Conscription
38:07 Ballistics
37:59 Masonry
39:24 Scale Mail Armor
40:57 Bracer
41:12 Chain Mail Armor
40:57 Padded Archer Armor
41:29 Architecture
41:04 Siege Engineers
42:00 Chemistry
44:18 Crop Rotation
44:23 Siege Engineers
44:15 Murder Holes
49:15 Light Cavalry
50:21 Caravan
50:20 Hussar
[PSCH] wolverito
11:44 Loom
13:30 Feudal Age
19:00 Castle Age
17:54 Bloodlines
18:27 Fletching
18:42 Padded Archer Armor
19:24 Gold Mining
21:07 Bodkin Arrow
25:18 Double-Bit Axe
26:55 Leather Archer Armor
28:25 Wheelbarrow
32:10 Hand Cart
33:43 Horse Collar
35:06 Bow Saw
34:58 Heavy Plow
39:00 Imperial Age
36:39 Husbandry
37:01 Ballistics
37:44 Thumb Ring
39:41 Caravan
40:31 Parthian Tactics
40:13 Bracer
41:00 Ring Archer Armor
40:20 Heavy Cavalry Archer
43:31 Conscription
43:33 Sipahi
50:20 Scale Barding Armor
50:25 Forging
[PSCH] R!ce
8:44 Loom
10:47 Feudal Age
14:47 Castle Age
14:43 Scale Barding Armor
15:25 Bloodlines
19:38 Chain Barding Armor
23:40 Forging
23:33 Husbandry
24:15 Wheelbarrow
29:16 Iron Casting
38:30 Imperial Age
39:03 Caravan
38:34 Cavalier
39:50 Plate Barding Armor
40:16 Blast Furnace
43:44 Fletching
49:03 Horse Collar
50:08 Light Cavalry
[PSCH] Reh
4:17 Loom
9:33 Feudal Age
10:12 Double-Bit Axe
11:19 Horse Collar
16:29 Scale Barding Armor
21:40 Castle Age
19:59 Forging
19:51 Gold Mining
21:44 Bloodlines
21:47 Light Cavalry
23:08 Bow Saw
22:53 Fletching
23:38 Padded Archer Armor
24:54 Heavy Plow
25:09 Padded Archer Armor
25:35 Stone Mining
25:51 Bodkin Arrow
28:16 Wheelbarrow
28:05 Leather Archer Armor
30:10 Ballistics
30:29 Gold Shaft Mining
31:36 Treadmill Crane
36:25 Imperial Age
33:42 Town Watch
34:53 Caravan
35:24 Hand Cart
36:28 Heavy Cavalry Archer
37:14 Bracer
38:12 Crop Rotation
38:38 Ring Archer Armor
39:21 Chemistry
39:32 Town Patrol
40:11 Husbandry
40:39 Chain Barding Armor
40:29 Forging
39:41 Cavalier
42:50 Plate Barding Armor
42:50 Iron Casting
44:22 Conscription
44:31 Conscription
44:22 Timurid Siegecraft
46:04 Siege Engineers
52:02 Silk Armor
ChnebelSchnägg
6:52 Loom
9:40 Feudal Age
10:52 Double-Bit Axe
12:43 Wheelbarrow
12:59 Horse Collar
19:42 Scale Barding Armor
19:42 Gold Mining
23:14 Castle Age
21:37 Fletching
22:03 Forging
24:20 Bloodlines
24:56 Husbandry
25:37 Hand Cart
26:09 Bow Saw
26:30 Town Watch
28:09 Heavy Plow
31:12 Gold Shaft Mining
32:01 Chain Barding Armor
35:26 Imperial Age
34:40 Iron Casting
35:55 Fletching
35:30 Cavalier
36:48 Plate Barding Armor
39:17 Capped Ram
40:09 Caravan
41:57 Blast Furnace
42:40 Masonry
43:31 Chemistry
42:18 Siege Ram
Connection lost

Rejoining the realm…

Still unreachable

The connection could not be restored.

Session expired

The server has moved on; the page needs a fresh start.